 Dungeon Crawl Stone Soup version 0.27-a0-1084-g78b3836a5f (webtiles) character file.

Game seed: 7147170040903031142

3 spiderkeys the Chopper (level 1, -2/20 HPs)
             Began as a Hill Orc Monk on Apr 27, 2021.
             Slain by a goblin
             ... wielding a +2 dagger of electrocution
              (5 damage)
             ... on level 1 of the Dungeon.
             The game lasted 00:00:17 (49 turns).

spiderkeys the Chopper (Hill Orc Monk)                Turns: 49, Time: 00:00:18

Health: -2/20      AC:  2    Str: 13    XL:     1   Next: 50%
Magic:  1/1        EV: 12    Int: 10    God:
Gold:   0          SH:  0    Dex: 13    Spells: 0/0 levels left

rFire    . . .     SeeInvis .   a - +0 hand axe
rCold    . . .     Faith    .   (no shield)
rNeg     . . .     Spirit   .   b - +0 robe
rPois    .         Reflect  .   (no helmet)
rElec    .         Harm     .   (no cloak)
rCorr    .         Rampage  .   (no gloves)
Will     .....                  (no boots)
Stlth    ++........             (no amulet)
HPRegen  0.06/turn              (no ring)
MPRegen  0.07/turn              (no ring)

@: no status effects
A: no striking features
a: no special abilities


You were on level 1 of the Dungeon.
You visited 1 branch of the dungeon, and saw 1 of its levels.


   Skills:
 + Level 3.7 Fighting
 * Level 4.1 Axes
 + Level 0.3 Armour
 - Level 2.4 Dodging
 - Level 1.5 Stealth


You couldn't memorise any spells.
You didn't know any spells.
Your spell library was empty.

Inventory:

Hand Weapons
 a - a +0 hand axe (weapon)
Armour
 b - a +0 robe (worn)

Dungeon Overview and Level Annotations

Branches:
Dungeon (1/15)

Altars:

#.## #... ...... #..#
.#... #..# .#.. #..# ...
#..# .. #..#### .####.#
+# ##.....#####g......
.#####>.###.##..@†....$.
.......## #.##.##...?...
..#.#..####....# .......
'.#.........##.# .......
###....##.#.##.# .......
.##.#..##.#.##.# ....(..
.##.#.[...#.#### .......
.##....#.##.# #######
####...#....#


You could see a goblin.


Message History

🤖 Initializing magus.rc ...
Options error: Delay interrupt name "hungry" not recognised. (~/.crawlrc:4988) ✅ Successfully initialized magus.rc [v1.9.10] Welcome, spiderkeys the Hill Orc Monk.
It is said that the Orb of Zot exists deep within this dungeon.
Press ? for a list of commands and other information.
Found a staircase leading out of the dungeon.
You open the door.
There is an open door here.
Found a stone staircase leading down.
There is a stone staircase leading down here.
As you open the door, it creaks loudly!
A bat and a quokka come into view.
The bat hits you but does no damage.
An endoplasm and a goblin come into view.
The goblin is wielding a +2 dagger of electrocution.
The goblin shouts!
The bat misses you.
The quokka twitches its whiskers.
The bat misses you.
There is an open door here.
You hit the bat. The bat hits you but does no damage.
You hit the bat but do no damage. You hit the quokka. The bat hits you.
The bat hits you but does no damage. The quokka barely misses you. 😕 HP[-1]
You take 1 damage, and now have 18/19 hp.
You closely miss the quokka. You hit the bat.
You kill the bat!
The quokka bites you. x2 😮 HP[-5]
You take 5 damage, and now have 13/19 hp.
MASSIVE DAMAGE!! (PAUSE)
You barely miss the quokka. The quokka bites you. 😮 HP[-3]
You take 3 damage, and now have 10/19 hp.
You hit the quokka.
You kill the quokka!
You hit the endoplasm. The endoplasm freezes you.
You are frozen.
* * * LOW HITPOINT WARNING * * *
You now have 20 max hp (+1).
You hit the endoplasm. The endoplasm freezes you.
You are frozen.
* * * LOW HITPOINT WARNING * * *
😨 HP[-3]
You take 3 damage, and now have 7/20 hp.
You barely miss the endoplasm.
The endoplasm hits you but does no damage.
You hit the endoplasm but do no damage. The endoplasm completely misses you.
You hit the endoplasm.
You kill the endoplasm!
You hit the goblin. The goblin misses you.
You miss the goblin. The goblin barely misses you.
The goblin hits you with a +2 dagger of electrocution.
* * * LOW HITPOINT WARNING * * *
😱 HP[-4]
You take 4 damage, and now have 3/20 hp.
You closely miss the goblin. The goblin barely misses you.
You closely miss the goblin.
The goblin hits you with a +2 dagger of electrocution.
You die...

Action                   || total
-------------------------++-------
Melee: Hand axe          ||    13
Armor: Robe              ||     4
Dodge: Dodged            ||     7

Levels and vault maps discovered:
D:1:      noname_arrival_rooms_in_the_neighbourhood, layout_basic,
          chequers_serial_rivers_micro_b

Notes
Turn   | Place    | Note
-------+----------+-------------------------------------------
     0 | D:1      | spiderkeys the Hill Orc Monk began the quest for the Orb.
     0 | D:1      | Reached XP level 1. HP: 19/19 MP: 1/1
     0 | D:1      | magus.rc [v1.9.10]
    47 | D:1      | HP: 3/20 [goblin/+2 dagger of electrocution (4)]
    49 | D:1      | Slain by a goblin

Vanquished Creatures
  An endoplasm (D:1)
  A quokka (D:1)
  A bat (D:1)
3 creatures vanquished.

Table legend:
 A = Non-vault XP
 B = Vault XP
 C = Vault XP percentage of total XP
 D = Non-vault monster count
 E = Vault monster count
 F = Vault count percentage of total count
                 A         B        C        D         E       F
            +---------+---------+-------+---------+---------+-------
      Total |       5 |       0 |   0.0 |       3 |       0 |   0.0
            +---------+---------+-------+---------+---------+-------
        D:1 |       5 |       0 |   0.0 |       3 |       0 |   0.0
            +---------+---------+-------+---------+---------+-------

Illustrated notes

Table legend:
 A = Kills in this place as a percentage of kills in entire the game.
 B = Kills by you in this place as a percentage of kills by you in the entire game.
 C = Kills by friends in this place as a percentage of kills by friends in the entire game.
 D = Other kills in this place as a percentage of other kills in the entire game.
 E = Experience gained in this place as a percentage of experience gained in the entire game.
 F = Experience gained in this place divided by the number of levels of this place that you have seen.
                   A       B       C       D       E      F
               +-------+-------+-------+-------+-------+----------------------
         Total | 100.0 | 100.0 |   N/A |   N/A | 100.0 |   5.0
       Dungeon | 100.0 | 100.0 |   N/A |   N/A | 100.0 |   5.0
               +-------+-------+-------+-------+-------+----------------------

Table legend: (Time is in decaauts)
 A = Elapsed time spent in this place.
 B = Non-inter-level travel time spent in this place.
 C = Inter-level travel time spent in this place.
 D = Time resting spent in this place.
 E = Time spent auto-exploring this place.
 F = Levels seen in this place.
 G = Mean time per level.
                   A        B        C        D        E       F      G
               +--------+--------+--------+--------+--------+-----+--------+
         Total |     50 |     50 |      0 |      0 |     35 |   1 |   50.0 |
       Dungeon |     50 |     50 |      0 |      0 |     35 |   1 |   50.0 |
               +--------+--------+--------+--------+--------+-----+--------+

Top non-repeatable levels by time:
     D:1: 50 daAuts
